 Dungeon Crawl Stone Soup version 0.21-a0-110-g8e1637b (webtiles) character file.

214 sagitran the Skirmisher (level 5, -3/42 HPs)
             Began as a Demonspawn Abyssal Knight on July 10, 2017.
             Was a Believer of Lugonu.
             Killed by divine providence
             ... invoked by an orc priest
              (9 damage)
             ... on level 4 of the Dungeon.
             The game lasted 00:16:20 (3251 turns).

sagitran the Skirmisher (Demonspawn Abyssal Knight) Turns: 3251, Time: 00:16:21

Health: -3/42      AC: 12    Str: 14    XL:     5   Next: 60%
Magic:  7/7        EV:  5    Int: 13    God:    Lugonu [**....]
Gold:   232        SH:  7    Dex: 12    Spells: 4/4 levels left

rFire    x . .     SeeInvis .   F - +1 falchion (flame)
rCold    + . .     Gourm    .   a - +0 shield
rNeg     . . .     Faith    .   u - +0 chain mail (curse)
rPois    .         Spirit   .   (no helmet)
rElec    .         Reflect  .   w - scarf {cloud immunity}
rCorr    .         Harm     .   (no gloves)
MR       .....                  h - +2 pair of boots
Stlth    ..........             (no amulet)
HPRegen  0.14/turn              j - ring of ice
MPRegen  0.10/turn              (no ring)

@: no status effects
A: repulsion field 1, rot immunity
a: Depart the Abyss, Bend Space, Renounce Religion


You were on level 4 of the Dungeon.
You worshipped Lugonu.
Lugonu was pleased with you.
You were not hungry.

You visited 1 branch of the dungeon, and saw 7 of its levels.
You visited the Abyss 1 time.

You collected 232 gold pieces.

Inventory:

Hand Weapons
 b - a +0 blowgun
 d - a +4 rapier
 n - a +0 hunting sling
 y - a +2 vampiric spear
 F - a +1 falchion of flaming (weapon)
Missiles
 e - 105 stones
 q - 7 tomahawks (quivered)
 z - 45 poisoned needles
 A - 2 needles of confusion
 E - 7 curare-tipped needles
Armour
 a - a +0 shield (worn)
 h - a +2 pair of boots (worn)
 r - a +0 cloak
 u - a cursed +0 chain mail (worn)
 w - a scarf of cloud immunity (worn)
Jewellery
 j - a ring of ice (left hand)
Wands
 x - a wand of scattershot (0/9)
 B - a wand of flame (28/48)
Scrolls
 g - a scroll of amnesia
 i - 3 scrolls of remove curse
 o - a scroll of teleportation {unknown}
 s - a scroll of enchant weapon {unknown}
Potions
 k - 2 potions of might
 t - a potion of flight {unknown}
 v - a potion of curing {unknown}
 C - 2 potions of brilliance {unknown}
 D - 2 potions of lignification {unknown}
Comestibles
 c - 2 bread rations
 l - 4 royal jellies
 m - 4 fruits
 p - a meat ration


   Skills:
 + Level 4.2 Fighting
 + Level 1.0(2.2) Short Blades
 + Level 3.0(3.1) Long Blades
 + Level 3.0 Armour
 + Level 1.6 Dodging
 + Level 0.2 Stealth
 + Level 2.7 Invocations


You had 4 spell levels left.
You didn't know any spells.

Dungeon Overview and Level Annotations

Branches:
Dungeon (7/15)
 Temple: D:4-7

Altars:
Qazlal


Innate Abilities, Weirdness & Mutations

You are surrounded by a mild repulsion field. (EV +2)
You are immune to rotting.


Message History

The worker ant bites you. The worker ant barely misses you.
You closely miss the worker ant.
The worker ant is lightly wounded.
The orc priest mumbles some strange prayers to Beogh against you.
Beogh smites you!
* * * LOW HITPOINT WARNING * * *
The worker ant bites you but does no damage.
Press: ? - help, v - describe, . - travel, g - get item A club.
There is something else lying underneath.
The floor, spattered with blood.
Evoke which item? (* to show all) (? for menu, Esc to quit)
Aiming: Scattershot (will waste charges)
Press: ? - help, Shift-Dir - straight line, f - orc priest
Aim: an orc priest, wearing a leather armour Nothing appears to happen.
The worker ant bites you but does no damage.
The orc priest mumbles some strange prayers to Beogh against you.
Beogh smites you!
You die...

#....#
#.####...
#.##.# #.# ###
#.##.# #.#
#.##.# #.#
#.##.# #.#
#.##.# #.##.##
# #.#...##.#
#.....@ao#
###...##oo....
##.## >....
#.# ###. #.#
#.. #.. #(.#
#..##


You could see a worker ant, an orc priest, an orc wizard and an orc.

Vanquished Creatures
  An ogre (D:3)
  An orc priest (D:4)
  4 adders
  2 worms (D:2)
  3 leopard geckos
  2 orcs (D:4)
  2 bats
  A giant cockroach (D:2)
  3 goblins
  9 hobgoblins
  7 jackals (D:2)
  A quokka (D:3)
  A ball python (D:3)
  2 frilled lizards (D:1)
  6 kobolds
  7 rats
52 creatures vanquished.

Notes
Turn   | Place    | Note
-------+----------+-------------------------------------------
     0 | Abyss:1  | sagitran the Demonspawn Abyssal Knight began the quest for the Orb.
     0 | Abyss:1  | Reached XP level 1. HP: 18/18 MP: 2/2
    57 | Abyss:1  | Noticed a starcursed mass
    57 | Abyss:1  | Noticed a large abomination
    58 | D:1      | Escaped the Abyss
   541 | D:2      | Gained mutation: You are surrounded by a mild repulsion field. (EV +2) [demonic ancestry]
   541 | D:2      | Reached XP level 2. HP: 19/24 MP: 3/3
   675 | D:2      | Reached skill level 1 in Dodging
   988 | D:1      | Reached * piety under Lugonu
   988 | D:1      | Gained mutation: You are immune to rotting. [demonic ancestry]
   988 | D:1      | Reached XP level 3. HP: 29/30 MP: 4/4
  1638 | D:2      | Reached ** piety under Lugonu
  1865 | D:3      | Reached XP level 4. HP: 37/37 MP: 6/6
  1992 | D:4      | Noticed an ogre
  2005 | D:3      | Killed an ogre
  2005 | D:3      | Reached skill level 4 in Fighting
  2005 | D:3      | Reached XP level 5. HP: 35/42 MP: 7/7
  2875 | D:5      | Entered Level 5 of the Dungeon
  3032 | D:4      | Found a stormy altar of Qazlal.
  3241 | D:4      | Reached skill level 1 in Short Blades
  3251 | D:4      | Killed from afar by an orc priest

Vault maps used:
D:1:      dpeg_arrival_circle_labyrinth_c
D:2:      minmay_misc_feat_four_crosses
D:3:      first_bread, hex_large, minmay_parallelograms,
          kennysheep_generic_room_15
D:4:      nicolae_qazlal_eye_of_the_storm
D:5:      minmay_temple_entry_nine_rooms, serial_corexii_hall,
          corexii_hall_statues_deadend, corexii_hall_statues_x,
          corexii_hall_statues_l, corexii_hall_statues_s,
          corexii_hall_statues_u, corexii_hall_statues_t
D:6:      abandoned_shop, elyvilon_altar_4, uniq_crazy_yiuf_cottage,
          uniq_eustachio
D:7:      marbit_many_paths, minmay_statues_item

Skill      XL: |  1  2  3  4  5 |
---------------+----------------+-----
Long Blades    | 2 3 |  3.0
Dodging        | 1 |  1.6
Armour         | 2 3 |  3.0
Fighting       | 4 |  4.2
Short Blades   | 1 |  1.0
Stealth        | |  0.2
Invocations    | |  2.7

Action                   |  1- 3 |  4- 6 || total
-------------------------+-------+-------++-------
Melee: Falchion          |    97 |    23 ||   120
       Rapier            |     2 |    15 ||    17
Throw: Tomahawk          |       |     1 ||     1
Invok: Depart the Abyss  |     1 |       ||     1
Evoke: Wand              |       |     2 ||     2
  Use: Scroll            |       |     3 ||     3
       Potion            |       |     1 ||     1
  Eat: Bread ration      |     1 |     1 ||     2
Armor: Ring mail         |    69 |       ||    69
       Skin              |     4 |       ||     4
       Chain mail        |     2 |    21 ||    23
Dodge: Dodged            |   116 |    18 ||   134
Block: Shield            |       |     1 ||     1
       Rpst.: Falchion   |    36 |     3 ||    39
